 Dungeon Crawl Stone Soup version bcrawl-1.35.1 (webtiles) character file.

Game seed: 16205462488926836219

211499 Psun the Ruffian (level 6, 0/51 (52) HPs)
             Began as a Ghoul Chaos Knight on Dec 27, 2021.
             Was a Plaything of Xom.
             Shot with an arrow by a centaur (13 damage)
             ... on level 4 of the Dungeon.
             The game lasted 00:15:58 (2129 turns).

Psun the Ruffian (Ghoul Chaos Knight)               Turns: 2129, Time: 00:15:59

HP:   0/51 (52)     AC:  5    Str: 18    XL:     6   Next: 23%
MP:   5/5           EV: 11    Int:  7    God:    Xom [......]
Gold: 257           SH:  0    Dex:  8    Spells: 5/5 levels left

rFire    . . .     SeeInvis .     - Claws (14.6)
rCold    + . .     Gourm    .   (no shield)
rNeg     + + +     Faith    .   a - +2 leather armour
rPois    ∞         Spirit   .   (no helmet)
rElec    .         Reflect  .   (no cloak)
rCorr    .                      (no gloves)
MR       .....                  (no boots)
Stlth    ++........             (no amulet)
HPRegen  0.00/turn              (no ring)
MPRegen  0.09/turn              (no ring)

@: rotting
A: rotting body, claws 1, carnivore, cold resistance 1, negative energy
resistance 3, inhibited regeneration, torment resistance, unbreathing
a: Renounce Religion


You were on level 4 of the Dungeon.
You worshipped Xom.
You were a very special plaything of Xom.
You were not hungry.

You visited 1 branch of the dungeon, and saw 4 of its levels.

You collected 257 gold pieces.

Inventory:

Hand Weapons
 g - a +1 whip of freezing
 z - a +2 whip of pain
Missiles
 h - 401 stones (quivered)
 m - 565 arrows
 r - 125 sling bullets
Armour
 a - a +2 leather armour (worn)
 n - a +0 leather armour
 o - a cursed +0 helmet
 w - a +0 chain mail
Jewellery
 x - an uncursed amulet of magic regeneration {unknown}
Wands
 u - a wand of random effects (3)
Scrolls
 b - a scroll of teleportation
 f - a scroll of enchant weapon {unknown}
 i - a scroll of identify
 j - a scroll of amnesia {unknown}
 k - a scroll of fear {unknown}
 y - a scroll of remove curse {unknown}
Potions
 d - a potion of brilliance {unknown}
 l - a potion of resistance {unknown}
 p - a potion of agility {unknown}
 q - a potion of haste {unknown}
 s - a potion of degeneration {unknown}
 t - a potion of lignification {unknown}
 v - a potion of flight {unknown}
Comestibles
 c - 5 chunks of flesh
 e - 6 rations {!d}


   Skills:
 + Level 4.2 Fighting
 - Level 1.7 Armour
 - Level 0.8 Dodging
 * Level 2.9 Stealth
 + Level 6.2 Unarmed Combat


You had 5 spell levels left.
You didn't know any spells.
Your spell library was empty.

Dungeon Overview and Level Annotations

Branches:
Dungeon (4/12)
 Temple: D:4-7

Altars:
Dithmenos
Xom
Yredelemnul


Innate Abilities, Weirdness & Mutations

Your body is rotting away.
You thrive on raw meat.
You are immune to poison.
You have sharp fingernails.
You are carnivorous and can eat meat at any time.
Your flesh is cold resistant. (rC+)
You are immune to negative energy. (rN+++)
You do not regenerate when monsters are visible.
You are immune to unholy pain and torment.
You can survive without breathing.


Message History

Natasha growls in agony!
You claw the jackal zombie!
The jackal zombie is almost destroyed.
The jackal zombie barely misses you.
Some of the chunks of flesh in your inventory have rotted away.
You claw the jackal zombie!
You destroy the jackal zombie!
A crimson imp comes into view.
The crimson imp shouts!
Things that are here:
a +0 hand axe; 82 poisoned tomahawks; an orc corpse You see here 12 gold pieces.
You now have 257 gold pieces (gained 12).
A centaur comes into view.
The centaur wields a +0 shortbow.
The centaur shoots an arrow.
The arrow hits you!
* * * LOW HITPOINT WARNING * * *
The centaur shoots an arrow.
The arrow hits you!
You die...
Xom is highly amused!

..(......).....
......[.........#
.................
...............#
.............#
...5.......#
#.........#
#.........#
#[<.@.....#
#.....)[..#
######.#### #)#
... ##..# ....
....c .....


You could see a centaur and a crimson imp.

Vanquished Creatures
  A water moccasin skeleton (D:3)
  An orc wizard (D:3)
  Natasha (D:4)
  2 worker ants (D:4)
  3 adders (D:3)
  An ooze (D:2)
  3 worms
  2 dart slugs (D:1)
  4 leopard geckos
  9 orcs
  A ball python (D:2)
  2 giant cockroaches
  8 goblins
  9 hobgoblins
  2 jackals
  2 quokkas (D:2)
  3 bats
  7 frilled lizards
  A jackal zombie (D:4)
  7 kobolds
  5 rats (D:1)
74 creatures vanquished.

Notes
Turn   | Place    | Note
-------+----------+-------------------------------------------
     0 | D:1      | Psun the Ghoul Chaos Knight began the quest for the Orb.
     0 | D:1      | Reached XP level 1. HP: 19/19 MP: 0/0
    19 | D:1      | XOM: harmless Fire miscast
   197 | D:1      | XOM: butterfly on damage
   198 | D:1      | XOM: butterfly on damage
   199 | D:1      | XOM: butterfly on damage
   243 | D:1      | Reached XP level 2. HP: 7/26 MP: 1/1
   275 | D:1      | XOM: harmless Hex miscast
   286 | D:1      | XOM: harmless Conj miscast
   419 | D:1      | Reached skill level 1 in Stealth
   643 | D:1      | Reached XP level 3. HP: 30/33 MP: 2/2
   661 | D:1      | Reached skill level 4 in Unarmed Combat
  1054 | D:2      | Found a basalt altar of Yredelemnul.
  1059 | D:2      | XOM: silly message
  1156 | D:2      | XOM is BORED!
  1382 | D:2      | Reached XP level 4. HP: 40/40 MP: 3/3
  1523 | D:2      | XOM: mild Chrm miscast
  1529 | D:2      | XOM: harmless Hex miscast
  1614 | D:3      | Found a shadowy altar of Dithmenos.
  1704 | D:3      | Reached skill level 5 in Unarmed Combat
  1704 | D:3      | Reached XP level 5. HP: 11/46 MP: 4/4
  1727 | D:3      | Found a basalt altar of Yredelemnul.
  1839 | D:3      | Found a shimmering altar of Xom.
  1947 | D:3      | XOM: 2-stop teleportation journey
  2011 | D:3      | XOM: summons 2 hostile demons
  2074 | D:3      | XOM: chaos cloud
  2098 | D:4      | Reached skill level 6 in Unarmed Combat
  2098 | D:4      | Reached XP level 6. HP: 22/51 MP: 5/5
  2117 | D:4      | Noticed Natasha
  2120 | D:4      | XOM: noise
  2123 | D:4      | Killed Natasha
  2129 | D:4      | Shot with an arrow by a centaur

Skill      XL: |  1  2  3  4  5 |
---------------+----------------+-----
Stealth        | 1 2 |  2.9
Unarmed Combat | 4 5 6 |  6.2
Fighting       | 4 |  4.2
Armour         | |  1.7
Dodging        | |  0.8

Action                   |  1- 3 |  4- 6 || total
-------------------------+-------+-------++-------
Melee: Unarmed           |   136 |   115 ||   251
       Punch             |     2 |     2 ||     4
  Eat: Chunk             |     9 |     8 ||    17
Armor: Leather armour    |    44 |    31 ||    75
Dodge: Dodged            |    58 |    58 ||   116
